 Dungeon Crawl Stone Soup version 0.30-a0-1018-g25214051b3 (webtiles) character file.

Game seed: 3782737945581171284

77 DeathPants the Insei (level 4, 0/34 HPs)
             Began as a Demonspawn Gladiator on Apr 7, 2023.
             Splashed by a jelly's acid (7 damage)
             ... on level 4 of the Dungeon.
             The game lasted 00:07:17 (2677 turns).

DeathPants the Insei (Demonspawn Gladiator)         Turns: 2677, Time: 00:07:18

Health: 0/34       AC:  0    Str: 14    XL:     4   Next: 13%
Magic:  4/4        EV: 11    Int: 12    God:
Gold:   134        SH:  0    Dex: 14    Spells: 3/3 levels left

rFire   . . .      SeeInvis .      - Unarmed
rCold   . . .      Faith    .    (no shield)
rNeg    . . .      Spirit   .    b - +0 ring mail
rPois   .          Reflect  .    q - +0 helmet
rElec   .          Rampage  .    (no cloak)
rCorr   .                        (no gloves)
Will    .....                    (no boots)
Stlth   +                        (no amulet)
HPRegen 0.25/turn                (no ring)
MPRegen 0.09/turn                (no ring)

@: corroded
A: sharp scales 1
a: no special abilities


You were on level 4 of the Dungeon.
You visited 1 branch of the dungeon, and saw 4 of its levels.

You collected 134 gold pieces.

Inventory:

Missiles
 c - 3 throwing nets (quivered)
 d - a javelin
 h - 3 boomerangs
 k - 3 poisoned darts
Armour
 a - a +0 leather armour
 b - a +0 ring mail (worn)
 q - a +0 helmet (worn)
Jewellery
 u - a ring of fire
Scrolls
 f - a scroll of poison {unknown}
 g - a scroll of teleportation
 r - a scroll of fear {unknown}
 s - a scroll of torment {unknown}
 t - a scroll of blinking {unknown}
Potions
 e - a potion of berserk rage
 i - a potion of resistance
 j - 2 potions of haste {unknown}
 l - a potion of brilliance
 m - 2 potions of degeneration {unknown}
 n - a potion of curing {unknown}
 o - a potion of attraction {unknown}
 p - a potion of flight {unknown}


   Skills:
 + Level 2.6 Fighting
 - Level 1.7 Throwing
 + Level 1.3 Armour
 + Level 3.1 Dodging
 * Level 3.4 Unarmed Combat


You had 3 spell levels left.
You didn't know any spells.
Your spell library contained the following spells:

 Spells                   Type           Power      Damage    Failure   Level
 Cause Fear               Hex            0%         N/A       100%        4
 Dragon Form              Tmut           0%         N/A       100%        7
 Dragon's Call            Summ           0%         N/A       100%        9


Dungeon Overview and Level Annotations

Branches:
Dungeon (4/15)
 Temple: D:4-7

Altars:

Annotations:
D:3 3 runed translucent doors, Scrimshaw's ghost, amateur MiGl


Innate Abilities, Weirdness & Mutations

You are partially covered in razor-sharp scales. (AC +1, Slay +1)


Message History

You hit the worm.
The worm is severely wounded.
The worm closely misses you.
You hit the worm but do no damage.
The worm is severely wounded.
You barely miss the worm.
The worm is severely wounded.
The worm bites you.
You punch the worm!
You kill the worm!
Found a stone staircase leading down.
You see here 7 stones.
The kobold shouts!
There is a stone staircase leading down here.
You climb downwards.
The jelly quivers.
The jelly hits you but does no damage.
There is a stone staircase leading up here.
You hit the jelly.
Your hands burn!
The jelly is moderately wounded.
The jelly hits you but does no damage.
You hit the jelly.
Your hands burn!
The jelly is moderately wounded.
You hit the jelly.
Your hands burn!
The jelly is severely wounded.
The jelly hits you. The acid corrodes you!
You are splashed with acid.
You hit the jelly but do no damage.
Your hands burn!
You punch the jelly, but do no damage.
The jelly is severely wounded.
The jelly barely misses you.
You hit the jelly.
Your hands burn!
The jelly is almost dead.
The jelly closely misses you.
You hit the jelly. The acid corrodes you!
Your hands burn!
* * * LOW HITPOINT WARNING * * *
The jelly is almost dead.
The jelly hits you.
* * * LOW HITPOINT WARNING * * *
You are splashed with acid!
You die...

# .. ####.#
..... ...
#.#####J#.#
#.....@...#
#.#####.#.#
.# .# .# .#
.# ..


You could see a jelly.

Vanquished Creatures
  Robin (D:3)
  A worm (D:3)
  An orc (D:3)
  3 endoplasms
  3 giant cockroaches
  8 goblins
  9 hobgoblins
  6 jackals
  3 quokkas
  5 ball pythons (D:1)
  8 bats
  2 frilled lizards
  A kobold (D:1)
  3 rats
54 creatures vanquished.

Notes
Turn   | Place    | Note
-------+----------+-------------------------------------------
     0 | D:1      | DeathPants the Demonspawn Gladiator began the quest for the
                  | Orb.
     0 | D:1      | Reached XP level 1. HP: 16/16 MP: 1/1
    82 | D:1      | Found a faded altar of an unknown god.
   387 | D:1      | Gained mutation: You are partially covered in razor-sharp
                  | scales. (AC +1, Slay +1) [demonic ancestry]
   387 | D:1      | Reached XP level 2. HP: 22/22 MP: 2/2
  1168 | D:2      | Reached XP level 3. HP: 28/28 MP: 3/3
  1279 | D:2      | Reached skill level 1 in Armour
  1847 | D:3      | Found a large runed translucent door.
  1891 | D:3      | Noticed Robin
  2061 | D:3      | Killed Robin
  2229 | D:3      | Found a runed translucent door.
  2229 | D:3      | Noticed Scrimshaw's ghost (amateur MiGl)
  2428 | D:3      | Reached XP level 4. HP: 32/34 MP: 4/4
  2625 | D:3      | Found a large runed translucent door.
  2677 | D:4      | Splashed by a jelly's acid

Illustrated notes

Levels and vault maps discovered:
D:1:      matt_arrival_spirals, layout_loops_ring,
          ebering_ecumenical_altar_petrified
D:2:      layout_loops_ring
D:3:      layout_basic, jmf_multi_god_temple2, ebering_ghost_inner_flame,
          uniq_robin
D:4:      layout_basic, minmay_temple_entry_glass, dk_vineyard_3, uniq_ijyb

Skill      XL: |  1  2  3 |
---------------+----------+-----
Unarmed Combat | 3 |  3.4
Dodging        | 3 |  3.1
Armour         | 1 |  1.3
Fighting       | |  2.6
Throwing       | |  1.7

Action                     |  1- 3 |  4- 6 || total
---------------------------+-------+-------++-------
  Melee: Unarmed           |   220 |    32 ||   252
         Punch             |     7 |     1 ||     8
    Use: Scroll            |     5 |       ||     5
   Stab: Sleeping          |     1 |       ||     1
 Armour: Leather armour    |    79 |       ||    79
         Ring mail         |     6 |    12 ||    18
  Dodge: Dodged            |   196 |    14 ||   210

Table legend: (Time is in decaauts)
 A = Elapsed time spent in this place.
 B = Non-inter-level travel time spent in this place.
 C = Inter-level travel time spent in this place.
 D = Time resting spent in this place.
 E = Time spent auto-exploring this place.
 F = Levels seen in this place.
 G = Mean time per level.
                   A        B        C        D        E       F      G
               +--------+--------+--------+--------+--------+-----+--------+
         Total |   2669 |   2618 |     51 |    109 |   1755 |   4 |  667.2 |
       Dungeon |   2669 |   2618 |     51 |    109 |   1755 |   4 |  667.2 |
               +--------+--------+--------+--------+--------+-----+--------+

Top non-repeatable levels by time:
     D:1: 1081 daAuts
     D:2: 747 daAuts
     D:3: 692 daAuts
     D:4: 148 daAuts
